 Dungeon Crawl Stone Soup version 0.22.1-1-ga44c0e56f4 (webtiles) character file.

112 D1HalberdGnoll the Skirmisher (level 4, -1/40 HPs)
             Began as a Ghoul Fighter on Nov 3, 2018.
             Was an Initiate of Makhleb.
             Slain by Natasha (3 damage)
             ... on level 2 of the Dungeon.
             The game lasted 00:01:49 (1547 turns).

D1HalberdGnoll the Skirmisher (Ghoul Fighter)       Turns: 1547, Time: 00:01:50

Health: -1/40      AC:  6    Str: 19    XL:     4   Next: 95%
Magic:  3/3        EV:  7    Int:  3    God:    Makhleb [......]
Gold:   94         SH:  8    Dex:  9    Spells: 3/3 levels left

rFire    . . .     SeeInvis +   a - +0 war axe
rCold    + . .     Gourm    .   c - +0 shield
rNeg     + + +     Faith    .   b - +0 scale mail
rPois    ∞         Spirit   .   (no helmet)
rElec    .         Reflect  .   (no cloak)
rCorr    .         Harm     .   (no gloves)
MR       .....                  (no boots)
Stlth    ..........             (no amulet)
HPRegen  0.00/turn              e - ring of see invisible
MPRegen  0.08/turn              (no ring)

@: rotting, slowed, invisible, very slow
A: rotting body, claws 1, carnivore, cold resistance 1, negative energy
resistance 3, inhibited regeneration, torment resistance, unbreathing
a: Renounce Religion


You were on level 2 of the Dungeon.
You worshipped Makhleb.
Makhleb was noncommittal.
You were not hungry.

You visited 1 branch of the dungeon, and saw 2 of its levels.

You collected 94 gold pieces.

Inventory:

Hand Weapons
 a - a +0 war axe (weapon)
Armour
 b - a +0 scale mail (worn)
 c - a +0 shield (worn)
Jewellery
 e - a ring of see invisible (left claw)
Scrolls
 h - 4 scrolls of identify {unknown}
 j - 2 scrolls of fear {unknown}
 l - 2 scrolls of random uselessness {unknown}
 m - a scroll of fog {unknown}
 n - a scroll of remove curse {unknown}
 o - a scroll of blinking {unknown}
 p - a scroll of immolation {unknown}
 r - 2 scrolls of teleportation {unknown}
 s - a scroll of enchant armour {unknown}
Potions
 d - a potion of might
 g - a potion of mutation {unknown}
 i - a potion of haste {unknown}
 k - 2 potions of curing {unknown}
Comestibles
 f - 2 rations


   Skills:
 + Level 4.3 Fighting
 * Level 3.7 Axes
 - Level 2.7 Armour
 - Level 2.7 Shields


You had 3 spell levels left.
You didn't know any spells.
Your spell library was empty.

Dungeon Overview and Level Annotations

Branches:
Dungeon (2/15)

Altars:
Makhleb
Yredelemnul

Annotations:
D:2 Natasha


Innate Abilities, Weirdness & Mutations

Your body is rotting away.
You thrive on raw meat.
You are immune to poison.
You have sharp fingernails.
You are carnivorous and can eat meat at any time.
Your flesh is cold resistant. (rC+)
You are immune to negative energy. (rN+++)
You do not regenerate when monsters are visible.
You are immune to unholy pain and torment.
You can survive without breathing.


Message History

You are too injured to fight recklessly!
You are too injured to fight recklessly!
You are too injured to fight recklessly!
You are too injured to fight recklessly!
You are too injured to fight recklessly!
You are too injured to fight recklessly!
You are too injured to fight recklessly!
Your shield prevents you from hitting Natasha.
You block Natasha's attack. Natasha claws you.
* * * LOW HITPOINT WARNING * * *
Your shield prevents you from hitting Natasha.
Natasha claws you.
* * * LOW HITPOINT WARNING * * *
Natasha claws you but does no damage.
It was a potion of invisibility.
You fade into invisibility!
Natasha claws you.
* * * LOW HITPOINT WARNING * * *
Natasha claws you.
You die...

####.#.###..#.....
#.................
#.##.#.####.......
#.##.#.# ##.##....
#.##.#.###.†......
#.##.#.........#.#
#.##.#.###..##.#..
#..........[##.###
#@.#.#.###))).....
#h.# # #####.###
#..# #.# # #..#
#######.### #...
........... ...#.
.###.##..... ...#.
............ ...#
# ###.##.#### #
#.# #


You could see Natasha.

Vanquished Creatures
  A crimson imp (D:2)
  3 gnolls (D:2)
  An adder (D:2)
  A dart slug (D:1)
  A ball python (D:2)
  4 giant cockroaches (D:1)
  5 hobgoblins
  2 jackals (D:2)
  A quokka (D:2)
  3 bats
  5 frilled lizards
  2 goblins (D:2)
  5 kobolds
  9 rats
43 creatures vanquished.

Notes
Turn   | Place    | Note
-------+----------+-------------------------------------------
     0 | D:1      | D1HalberdGnoll the Ghoul Fighter began the quest for the
                  | Orb.
     0 | D:1      | Reached XP level 1. HP: 19/19 MP: 0/0
   242 | D:1      | Reached XP level 2. HP: 25/25 MP: 1/1
   953 | D:2      | Reached XP level 3. HP: 28/31 MP: 2/2
  1194 | D:2      | Found a basalt altar of Yredelemnul.
  1195 | D:2      | Found a burning altar of Makhleb.
  1213 | D:2      | Became a worshipper of Makhleb the Destroyer
  1439 | D:2      | Reached skill level 4 in Fighting
  1439 | D:2      | Reached XP level 4. HP: 40/40 MP: 3/3
  1537 | D:2      | Noticed Natasha
  1547 | D:2      | HP: 2/40 [Natasha (4)]
  1547 | D:2      | Slain by Natasha

Skill      XL: |  1  2  3 |
---------------+----------+-----
Axes           | 2 3 |  3.7
Fighting       | 4 |  4.3
Armour         | |  2.7
Shields        | |  2.7

Action                   |  1- 3 |  4- 6 || total
-------------------------+-------+-------++-------
Melee: War axe           |   115 |    16 ||   131
  Use: Potion            |       |     2 ||     2
  Eat: Chunk             |     4 |     4 ||     8
Armor: Scale mail        |    46 |     4 ||    50
Dodge: Dodged            |    39 |    10 ||    49
Block: Shield            |    67 |     7 ||    74
